 Dungeon Crawl Stone Soup version 0.20.0-15-g7f486f2 (webtiles) character file.

36584 NoAnimeNoLife the Unseen (level 13, -4/67 HPs)
             Began as a Spriggan Enchanter on June 13, 2017.
             Was a High Priest of Dithmenos.
             Engulfed by a cloud of freezing vapour (13 damage)
             ... in an ice cave.
             The game lasted 00:56:32 (19186 turns).

NoAnimeNoLife the Unseen (Spriggan Enchanter)      Turns: 19186, Time: 00:56:33

Health: -4/67      AC:  9    Str:  4    XL:     13   Next: 53%
Magic:  41/41      EV: 34    Int: 19    God:    Dithmenos [*****.]
Gold:   1263       SH:  0    Dex: 19    Spells: 15/24 levels left

rFire    . . .     SeeInvis +   a - +2 dagger (venom)
rCold    . . .     Gourm    .   (shield restricted)
rNeg     . . .     Faith    .   f - +2 robe {MR+}
rPois    .         Spirit   .   (helmet restricted)
rElec    .         Reflect  .   N - +2 cloak
rCorr    .         Harm     .   (gloves unavailable)
MR       +++..                  (boots unavailable)
Stlth    ++++++++++             (no amulet)
Regen    0.3/turn               j - ring of magical power
MPRegen  0.3/turn               v - ring of magical power

@: wreathed by umbra, very quick
A: unfitting armour, thin metallic scales 1, see invisible, blink, herbivore 3,
speed 3, slow metabolism 2
a: Blink, Shadow Step, Shadow Form, Renounce Religion


You were in an ice cave.
You worshipped Dithmenos.
Dithmenos was extremely pleased with you.
You were not hungry.

You visited 3 branches of the dungeon, and saw 16 of its levels.
You also visited: Bailey and Ice Cave.

You collected 1263 gold pieces.

Inventory:

Hand Weapons
 a - a +2 dagger of venom (weapon)
 k - a +0 rapier of electrocution
 s - a +3 rapier of speed
 A - the +4 battleaxe "Seihyi" {chop, rC+ MR+++ Int-4 Dex-4, unknown}
   (You found it on level 8 of the Dungeon)

   It inflicts extra damage upon your enemies.
   It affects your intelligence (-4).
   It affects your dexterity (-4).
   It protects you from cold.
   It affects your resistance to hostile enchantments.
Missiles
 l - 364 stones (quivered)
Armour
 b - a +0 robe
 f - a +2 robe of magic resistance (worn)
 N - a +2 cloak (worn)
Jewellery
 e - an uncursed ring of positive energy
 j - a ring of magical power (left hand)
 n - an uncursed ring of poison resistance
 v - a ring of magical power (right hand)
 J - an uncursed ring of ice
 P - an uncursed ring of positive energy
Wands
 w - a wand of iceblast (6/15)
 M - a wand of digging (15/24)
Scrolls
 g - a scroll of teleportation
 i - a scroll of enchant weapon
 p - 4 scrolls of remove curse
 x - a scroll of summoning
 y - a scroll of recharging
 C - a scroll of identify
 D - 5 scrolls of magic mapping
 G - 2 scrolls of amnesia
 H - a scroll of fear
Potions
 h - 5 potions of lignification
 q - a potion of cancellation
 r - 2 potions of heal wounds
 t - a potion of degeneration
 u - 3 potions of ambrosia
 z - a potion of agility
 B - 2 potions of haste {unknown}
 E - 2 potions of curing
 F - 2 potions of flight
 I - a potion of magic
 K - a potion of resistance
Books
 c - a book of Maledictions

   Spells                             Type                      Level
   a - Corona                         Hexes                        1
   b - Ensorcelled Hibernation        Hexes/Ice                    2
   c - Confuse                        Hexes                        3
   d - Tukima's Dance                 Hexes                        3
   e - Dazzling Spray                 Conjuration/Hexes            3
Comestibles
 d - 6 bread rations
 m - 5 royal jellies
 o - 12 fruits


   Skills:
 + Level 7.2 Fighting
 - Level 10.0 Short Blades
 - Level 17.0 Dodging
 + Level 18.0 Stealth
 - Level 6.1 Spellcasting
 - Level 10.8 Hexes


You had 15 spell levels left.
You knew the following spells:

 Your Spells              Type           Power        Failure   Level  Hunger
a - Corona                Hex            #####..      1%          1    None
b - Ensorcelled Hibernat  Hex/Ice        ####..       1%          2    None
c - Confuse               Hex            #####...     1%          3    ##.....
d - Tukima's Dance        Hex            #####...     1%          3    ##.....


Dungeon Overview and Level Annotations

Branches:
Dungeon (10/15)            Temple (1/1) D:4            Lair (6/6) D:10
  Swamp (0/4) Lair:2        Snake (0/4) Lair:2        Slime (0/5) Lair:5
    Orc (0/2) D:9

Altars:
Ashenzari
Cheibriados
Dithmenos
Elyvilon
Fedhas
Gozag
Hepliaklqana
Kikubaaqudgha
Makhleb
Nemelex Xobeh
Okawaru
Qazlal
Ru
Sif Muna
Trog
Uskayaw
Vehumet
Xom
Yredelemnul
Zin
The Shining One
Jiyva
Lugonu

Shops:
D:8 (

Annotations:
D:2 Robin
D:9 exclusion: 2 oklob plants


Innate Abilities, Weirdness & Mutations

You are very small and have problems with some larger weapons.
You are too small for most types of armour.
You have supernaturally acute eyesight. (SInv)
You are a herbivore.
You cover ground extremely quickly.
You need consume almost no food.
You are partially covered in thin metallic scales. (AC +2)
You can translocate small distances at will.


Message History

You kill the ice devil!
Dithmenos accepts your kill.
You start resting.
HP restored.
You start waiting.
Done waiting.
You start waiting.
Done waiting.
You start waiting.
Done waiting.
You are engulfed in freezing vapours.
You are engulfed in freezing vapours.
A white imp and an ice devil come into view.
You are engulfed in freezing vapours.
You are engulfed in freezing vapours.
l - 364 stones (gained 1)
You start resting.
You are engulfed in freezing vapours.
* * * LOW HITPOINT WARNING * * *
You are engulfed in freezing vapours.
You die...

...... ##....#
......##
##..#..##
....§§.#
#..§###.##
......§###§§##
#..# #...§§#§§##)
#..##
#.§§§§§##)..##..#
###§§§§# ...
#..## #§§§## ...
##..# #@§§# #..
#..# #.§§# ##.#
##..# ...§#
#..###...# ..#..#
#...##..##
..##.## #.......#
##§ .§# #..#...##
#. §# ##..#..## #
## #...#### #..##


There were no monsters in sight!

Vanquished Creatures
  A sphinx (D:8)
  The ghost of Juudaz the Grappler, a journeyman GrMo of Okawaru (Lair:2)
  6 hydras
  2 two-headed ogres
  The ghost of spacegravy the Digger, a novice GrEE of Vehumet (D:6)
  6 elephants (Lair:5)
  2 black mambas
  Psyche (D:8)
  2 molten gargoyles (Lair:4)
  8 spiny frogs
  2 ice statues (IceCv)
  5 komodo dragons
  2 ice devils (IceCv)
  The ghost of Amianthus the Cudgeler, an amateur OgWn (D:5)
  2 trolls (D:10)
  Grinder (D:3)
  Prince Ribbit (D:6)
  32 blink frogs
  8 hippogriffs
  5 dream sheep (Lair:6)
  19 yaks
  4 wyverns
  3 basilisks
  2 vampire mosquitoes (Lair:2)
  3 nagas (Lair:2)
  Edmund (D:6)
  6 porcupines
  12 water moccasins
  2 orc warriors (D:9)
  An ice beast (D:5)
  2 phantoms
  2 sky beasts (D:10)
  2 black bears
  3 ogres
  3 centaurs
  3 wolves (Lair:1)
  9 crocodiles
  A big kobold (D:9)
  5 gnoll sergeants (Bailey)
  9 bullfrogs
  A water moccasin skeleton (D:6)
  4 killer bees (D:10)
  An electric eel (Lair:2)
  A howler monkey (D:10)
  5 lava snakes (Lair:4)
  A centaur zombie (D:10)
  A bullfrog zombie (D:5)
  6 hounds
  A bullfrog skeleton (D:5)
  2 orc priests
  5 orc wizards
  6 gnoll shamans (Bailey)
  Terence (D:2)
  4 worker ants
  2 worker ant zombies
  13 gnolls (Bailey)
  9 adders
  A shadow imp (D:4)
  7 white imps (IceCv)
  5 ufetubi (IceCv)
  An ooze (D:5)
  An adder skeleton (D:4)
  A worm (D:5)
  3 dart slugs
  7 leopard geckos
  20 orcs
  9 bats
  9 giant cockroaches
  2 gnoll zombies (D:9)
  10 goblins
  7 hobgoblins
  9 jackals
  3 quokkas
  2 ball pythons
  5 frilled lizards
  12 kobolds
  A leopard gecko skeleton (D:4)
  A quokka skeleton (D:6)
  7 rats
367 creatures vanquished.

Vanquished Creatures (collateral kills)
  3 gnoll sergeants (Bailey)
  An orc priest (D:10)
  A gnoll (Bailey)
  An orc (D:3)
6 creatures vanquished.

Vanquished Creatures (others)
  2 dancing weapons (Bailey)
  2 white imps (IceCv)
  5 ufetubi (IceCv)
  7 fungi
  6 plants
22 creatures vanquished.

Grand Total: 395 creatures vanquished

Notes
Turn   | Place    | Note
-------+----------+-------------------------------------------
     0 | D:1      | NoAnimeNoLife the Spriggan Enchanter began the quest for the Orb.
     0 | D:1      | Reached XP level 1. HP: 9/9 MP: 5/5
   449 | D:1      | Reached XP level 2. HP: 13/13 MP: 6/6
   505 | D:1      | Reached skill level 5 in Stealth
   610 | D:1      | Learned a level 2 spell: Ensorcelled Hibernation
  1259 | D:2      | Noticed Robin
  1280 | D:2      | Reached XP level 3. HP: 16/16 MP: 8/8
  2096 | D:2      | Noticed Terence
  2104 | D:2      | Killed Terence
  2104 | D:2      | Reached skill level 6 in Stealth
  2104 | D:2      | Reached XP level 4. HP: 11/21 MP: 4/9
  2177 | D:2      | Found a stormy altar of Qazlal.
  2804 | D:2      | Found a shattered altar of Ashenzari.
  3314 | D:3      | Reached XP level 5. HP: 22/24 MP: 10/10
  3317 | D:3      | Reached skill level 7 in Stealth
  3541 | D:3      | Found an ancient bone altar of Kikubaaqudgha.
  3739 | D:3      | Noticed Grinder
  3748 | D:3      | Killed Grinder
  3748 | D:3      | Reached skill level 5 in Short Blades
  3748 | D:3      | Reached skill level 8 in Stealth
  3748 | D:3      | Reached XP level 6. HP: 20/28 MP: 11/11
  3753 | D:3      | Learned a level 3 spell: Confuse
  3757 | D:3      | Learned a level 3 spell: Tukima's Dance
  3839 | D:3      | Found a deep blue altar of Sif Muna.
  4416 | D:4      | Found a bloodstained altar of Trog.
  4743 | D:4      | Found a sparkling altar of Nemelex Xobeh.
  5089 | D:4      | Found a staircase to the Ecumenical Temple.
  5289 | Temple   | Entered the Ecumenical Temple
  5639 | D:4      | Found a shadowy altar of Dithmenos.
  5645 | D:4      | Became a worshipper of Dithmenos the Shadowed
  5698 | D:5      | Entered Level 5 of the Dungeon
  5984 | D:5      | Found a sacrificial altar of Ru.
  5995 | D:5      | Noticed Amianthus's ghost (amateur OgWn)
  5997 | D:5      | Reached XP level 7. HP: 32/32 MP: 12/12
  6028 | D:5      | Killed Amianthus's ghost
  6497 | D:5      | Reached XP level 8. HP: 36/36 MP: 16/16
  6642 | D:6      | Noticed Prince Ribbit
  6645 | D:6      | Killed Prince Ribbit
  6690 | D:6      | Noticed Edmund
  6700 | D:6      | Killed Edmund
  6700 | D:6      | Reached skill level 1 in Fighting
  6792 | D:6      | Noticed spacegravy's ghost (novice GrEE)
  6818 | D:6      | Reached skill level 5 in Dodging
  6825 | D:6      | Killed spacegravy's ghost
  6825 | D:6      | Reached * piety under Dithmenos
  6847 | D:6      | Reached XP level 9. HP: 36/44 MP: 17/17
  6976 | D:6      | You fall through a shaft for 2 floors!
  6995 | D:8      | Noticed Psyche
  6997 | D:8      | Killed Psyche
  7053 | D:8      | Found Qeakuyg's Antique Weapon Shoppe.
  7055 | D:8      | Found Jenk's Distillery.
  7095 | D:8      | Found a flagged portal.
  7096 | D:8      | Noticed a two-headed ogre
  7109 | D:8      | Killed a two-headed ogre
  7276 | Bailey   | Entered a bailey
  7813 | Bailey   | Reached skill level 9 in Stealth
  8550 | D:8      | Reached skill level 10 in Stealth
  8550 | D:8      | Reached XP level 10. HP: 49/49 MP: 18/18
  8832 | D:8      | Found an iron altar of Okawaru.
  8853 | D:8      | Noticed a sphinx
  8867 | D:8      | Killed a sphinx
  8867 | D:8      | Reached skill level 11 in Stealth
  9036 | D:8      | Got a translucent battleaxe
  9062 | D:9      | Reached skill level 5 in Spellcasting
  9225 | D:9      | Found a staircase to the Orcish Mines.
  9280 | D:9      | Found an opulent altar of Gozag.
  9376 | D:9      | Gained mutation: You are dopey. (Int -2) [potion of mutation]
  9376 | D:9      | Gained mutation: Your muscles are strong. (Str +2) [potion of mutation]
  9376 | D:9      | Gained mutation: You have a pair of small antennae on your head. [potion of mutation]
  9377 | D:9      | Lost mutation: Your muscles are strong. (Str +2) [potion of mutation]
  9377 | D:9      | Lost mutation: You are dopey. (Int -2) [potion of mutation]
  9377 | D:9      | Lost mutation: You have a pair of small antennae on your head. [potion of mutation]
  9377 | D:9      | Gained mutation: You are weak. (Str -2) [potion of mutation]
  9377 | D:9      | Gained mutation: You can translocate small distances at will. [potion of mutation]
  9377 | D:9      | Gained mutation: Your mind is acute. (Int +2) [potion of mutation]
  9433 | D:9      | Reached ** piety under Dithmenos
  9546 | D:9      | Found a glowing silver altar of Zin.
  9546 | D:9      | Found a white marble altar of Elyvilon.
  9606 | D:9      | Found a blossoming altar of Fedhas.
  9608 | D:9      | Noticed an oklob plant
  9608 | D:9      | Noticed an oklob plant
  9715 | D:9      | Found a basalt altar of Yredelemnul.
  9783 | D:10     | Entered Level 10 of the Dungeon
 10290 | D:10     | Lost mutation: You are weak. (Str -2) [potion of mutation]
 10290 | D:10     | Lost mutation: Your mind is acute. (Int +2) [potion of mutation]
 10290 | D:10     | Gained mutation: You are partially covered in thin metallic scales. (AC +2) [potion of mutation]
 10375 | D:10     | Noticed a two-headed ogre
 10401 | D:10     | Killed a two-headed ogre
 10401 | D:10     | Reached skill level 5 in Fighting
 10447 | D:10     | Reached XP level 11. HP: 56/56 MP: 21/21
 11081 | D:10     | Found a staircase to the Lair.
 11098 | Lair:1   | Entered Level 1 of the Lair of Beasts
 11494 | Lair:1   | Reached *** piety under Dithmenos
 11540 | Lair:1   | Reached skill level 10 in Hexes
 12085 | Lair:2   | Found a staircase to the Snake Pit.
 12263 | Lair:2   | Reached skill level 10 in Short Blades
 12309 | Lair:2   | Found a staircase to the Swamp.
 12334 | Lair:2   | Reached skill level 12 in Stealth
 12389 | Lair:2   | Noticed Juudaz's ghost (journeyman GrMo)
 12415 | Lair:2   | Killed Juudaz's ghost
 12579 | Lair:2   | Reached XP level 12. HP: 50/62 MP: 22/22
 12922 | Lair:2   | Reached skill level 13 in Stealth
 13367 | Lair:3   | Reached **** piety under Dithmenos
 13549 | Lair:3   | Reached skill level 14 in Stealth
 13893 | Lair:3   | Noticed a six-headed hydra
 14068 | Lair:3   | Killed a six-headed hydra
 14861 | Lair:4   | Reached skill level 15 in Stealth
 15480 | Lair:4   | Reached skill level 15 in Dodging
 15805 | Lair:5   | Reached skill level 16 in Stealth
 15842 | Lair:5   | Noticed an eight-headed hydra
 15856 | Lair:5   | Killed an eight-headed hydra
 15856 | Lair:5   | Reached XP level 13. HP: 59/66 MP: 20/23
 15929 | Lair:5   | Found a staircase to the Slime Pits.
 15930 | Lair:5   | Found a viscous altar of Jiyva.
 16294 | Lair:5   | Reached skill level 17 in Stealth
 16667 | Lair:6   | Entered Level 6 of the Lair of Beasts
 16732 | Lair:6   | Found a frozen archway.
 17011 | IceCv    | Entered an ice cave
 17064 | IceCv    | Reached ***** piety under Dithmenos
 17916 | IceCv    | Reached skill level 18 in Stealth
 19186 | IceCv    | Engulfed by a cloud of freezing vapour

Skill      XL: |  1  2  3  4  5  6  7  8  9 10 11 12 13 |
---------------+----------------------------------------+-----
Stealth        | 5 6 8 10 11 12 16 18 | 18.0
Short Blades   | 2 3 5 6 8 10 | 10.0
Hexes          | 4 7 9 10 | 10.8
Spellcasting   | 3 4 6 |  6.1
Fighting       | 3 5 6 7 |  7.2
Dodging        | 7 11 12 15 17 | 17.0

Action                   |  1- 3 |  4- 6 |  7- 9 | 10-12 | 13-15 || total
-------------------------+-------+-------+-------+-------+-------++-------
Melee: Dagger            |   186 |   260 |   255 |   367 |   158 ||  1226
       Rapier            |       |       |       |       |    86 ||    86
Throw: Stone             |     9 |     4 |     5 |    10 |     1 ||    29
 Cast: Corona            |     4 |       |       |     6 |       ||    10
       Ensorcelled Hiber |    10 |    41 |    86 |   188 |    62 ||   387
       Tukima's Dance    |       |     1 |    14 |     2 |       ||    17
       Confuse           |       |       |    13 |    29 |    35 ||    77
Invok: Shadow Step       |       |       |       |     1 |       ||     1
  Use: Scroll            |       |       |    11 |    14 |     3 ||    28
       Potion            |       |       |     2 |     3 |     2 ||     7
 Stab: Sleeping          |    16 |    39 |    45 |   125 |    34 ||   259
       Distracted        |       |     2 |     1 |     4 |     6 ||    13
       Confused          |       |       |    10 |    23 |    16 ||    49
  Eat: Bread ration      |       |     1 |     2 |     1 |       ||     4
       Fruit             |       |       |     3 |       |       ||     3
Armor: Robe              |    34 |    28 |     3 |     8 |    13 ||    86
Dodge: Dodged            |   208 |   201 |   232 |   271 |   181 ||  1093
